 Dungeon Crawl Stone Soup version 0.28.0-45-g0d030f2227 (webtiles) character file.

Game seed: 7548347030351826719

1 namelastname112 the Caller (level 1, -1/14 HPs)
             Began as a Draconian Summoner on Mar 29, 2022.
             Slain by a quokka (2 damage)
             ... on level 1 of the Dungeon.
             The game lasted 00:00:56 (104 turns).

namelastname112 the Caller (Draconian Summoner)      Turns: 104, Time: 00:00:56

Health: -1/14      AC:  4    Str: 10    XL:     1   Next: 16%
Magic:  1/3        EV: 12    Int: 15    God:
Gold:   0          SH:  0    Dex: 11    Spells: 3/4 levels left

rFire   . . .      SeeInvis .   (no weapon)
rCold   . . .      Faith    .   (no shield)
rNeg    . . .      Spirit   .   (armour unavailable)
rPois   .          Reflect  .   (helmet restricted)
rElec   .          Harm     .   (no cloak)
rCorr   .          Rampage  .   (no gloves)
Will    .....                   (no boots)
Stlth   ++........              (no amulet)
HPRegen 0.04/turn               (no ring)
MPRegen 0.08/turn               (no ring)

@: no status effects
A: AC +4, unfitting armour, cold-blooded
a: no special abilities


You were on level 1 of the Dungeon.
You visited 1 branch of the dungeon, and saw 1 of its levels.

You aren't carrying anything.


   Skills:
 + Level 1.8 Dodging
 - Level 1.7 Stealth
 + Level 2.0 Spellcasting
 + Level 4.0 Summonings


You had 3 spell levels left.
You knew the following spells:

 Your Spells              Type           Power      Damage    Failure   Level
a - Summon Small Mammal   Summ           52%        N/A       4%          1

Your spell library contained the following spells:

 Spells                   Type           Power      Damage    Failure   Level
 Call Imp                 Summ           13%        N/A       6%          2
 Call Canine Familiar     Summ           13%        N/A       13%         3
 Summon Guardian Golem    Hex/Summ       7%         N/A       28%         3
 Summon Lightning Spire   Summ/Air       7%         N/A       67%         4


Dungeon Overview and Level Annotations

Branches:
Dungeon (1/15)

Altars:


Innate Abilities, Weirdness & Mutations

Your plain brown scales are hard. (AC +4)
You cannot fit into any form of body armour.
You are cold-blooded and may be slowed by cold attacks.


Message History

Your bat hits the quokka but does no damage!
The quokka bites you but does no damage!
You closely miss the quokka!
The quokka is heavily wounded!
The quokka misses you!
Found 15 arrows!
Your bat hits the quokka!
Your bat closely misses the quokka!
Your bat hits the quokka but does no damage!
The quokka bites you!
Your bat barely misses the quokka!
Your bat hits the quokka but does no damage!
Your bat closely misses the quokka!
The quokka bites your bat!
Your bat dies!!!
Your bat's corpse disappears in a puff of smoke!!!
Casting: Summon Small Mammal (safe; 4% risk of failure)
Confirm with ! or Enter, or press ? or * to list all spells!
The quokka bites you! * * * don't die
* * * Your rat bites the quokka but does no damage!
The quokka completely misses you!
Your rat bites the quokka!
The quokka barely misses you!
You closely miss the quokka! The quokka barely misses you!
The quokka bites you! * * * don't die
* * * The goblin barely misses your rat!
The quokka barely misses you!
Your rat misses the quokka! You barely miss the quokka!
Your tail-slap misses the quokka!
The quokka bites you but does no damage!
The quokka bites you! * * * don't die
* * * The goblin closely misses your rat!
Your rat bites the quokka!
The quokka bites your rat!
You aren't carrying any potions!
You barely miss the quokka!
The gnoll hits your rat with a +3 spear!!!
Your rat dies!!!
Your rat's corpse disappears in a puff of smoke!!!
The quokka bites you! rip

....g....#..##.........g........#
####......#....#####..g...#.....#
...####.....#### ####......#...
......###'### ###g..#....
.<......'.+ +........
......###'### ###....#...
...####.....## ####.......#..
####...###...[.#####......#.(....
......## ..#..r@r§g...#......##.
..##### #######..g.##..###.#.#
### ########## ####


You could see a gnoll, 2 quokkas and a goblin.

Vanquished Creatures (collateral kills)
  A ball python (D:1)
1 creature vanquished.

Notes
Turn   | Place    | Note
-------+----------+-------------------------------------------
     0 | D:1      | namelastname112 the Draconian Summoner began the quest for
                  | the Orb.
     0 | D:1      | Reached XP level 1. HP: 14/14 MP: 3/3
   104 | D:1      | Slain by a quokka

Illustrated notes

Levels and vault maps discovered:
D:1:      elethiomel_arrival_infinity_welcomes_careful_drivers,
          layout_loops_ring

Action                   || total
-------------------------++-------
Melee: Unarmed           ||     5
 Cast: Summon Small Mamm ||     9
Armor: Skin              ||     2
Dodge: Dodged            ||     6
